| TOP OF THE 1ST |
|
Brockton Rox batting - Pitching for Detroit Red Wings : LHP Satoru Mori
|
|
Pitching: LHP Satoru Mori
|
|
|
Batting: LHB Robert Gonzalez
|
0-0: Ball 1-0: Swinging Strike 1-1: Fly out, F8 (Flyball, 8LM, EV 88.1 MPH)
|
|
Batting: RHB Willie Camacho
|
0-0: Foul Ball, location: 2F 0-1: Ball 1-1: Swinging Strike 1-2: Fly out, F9 (Flyball, 89M, EV 75.0 MPH)
|
|
Batting: RHB Bakhtiar Asadov
|
0-0: Ball 1-0: Foul Ball, location: 2F 1-1: SINGLE (Line Drive, 7LM, EV 105.6 MPH)
|
|
Batting: RHB Roger Mitchell
|
0-0: Called Strike 0-1: Ball 1-1: Fly out, F8 (Flyball, 8LM, EV 81.2 MPH)
|
| Top of the 1st over - 0 runs, 1 hit, 0 errors, 1 left on base; Brockton 0 - Detroit 0 |
| BOTTOM OF THE 1ST |
|
Detroit Red Wings batting - Pitching for Brockton Rox : RHP Jose Abanto
|
|
Pitching: RHP Jose Abanto
|
|
|
Batting: RHB Janne Vihko
|
0-0: Ball 1-0: Ball 2-0: Fly out, F7 (Flyball, 78S, EV 82.5 MPH)
|
|
Batting: RHB Seth Fox
|
0-0: Ball 1-0: Called Strike 1-1: Foul Ball, location: 2F 1-2: Fly out, F8 (Flyball, 8LM, EV 93.8 MPH)
|
|
Batting: RHB Jorge Lebron
|
0-0: SINGLE (Line Drive, 7S, EV 96.9 MPH)
|
|
Batting: LHB Jamie Christian
|
0-0: SINGLE (Flyball, 89S, EV 96.2 MPH) Jorge Lebron to second Runner from 2nd tries for 3rd, SAFE, throw by RF made to third
|
|
Batting: RHB Yankel Pensak
|
0-0: Swinging Strike 0-1: Swinging Strike 0-2: Ball 1-2: Ball 2-2: Ball 3-2: Foul Ball, location: 2F 3-2: Foul Ball, location: 2F 3-2: Base on Balls Jamie Christian to second
|
|
Batting: SHB Franklin Garza
|
0-0: Ball 1-0: Swinging Strike 1-1: Ground out U3 (Groundball, 23, EV 85.6 MPH)
|
| Bottom of the 1st over - 0 runs, 2 hits, 0 errors, 3 left on base; Brockton 0 - Detroit 0 |
| TOP OF THE 2ND |
|
Brockton Rox batting - Pitching for Detroit Red Wings : LHP Satoru Mori
|
|
Batting: SHB Arihito Hiramoto
|
0-0: Ball 1-0: Ball 2-0: Called Strike 2-1: Fly out, F8 (Flyball, 8LD, EV 99.4 MPH)
|
|
Batting: RHB Panam Palmer
|
0-0: Ball 1-0: Ball 2-0: Called Strike 2-1: Ball 3-1: Base on Balls
|
|
Batting: RHB Mo Tsang
|
0-0: Foul Ball, location: 2F 0-1: Ball 1-1: Swinging Strike 1-2: Foul Ball, location: 2F 1-2: Strikes out swinging
|
|
Batting: LHB Kenny Jackson
|
0-0: Called Strike 0-1: Ball 1-1: Fly out, F9 (Flyball, 89D, EV 86.2 MPH)
|
| Top of the 2nd over - 0 runs, 0 hits, 0 errors, 1 left on base; Brockton 0 - Detroit 0 |
| BOTTOM OF THE 2ND |
|
Detroit Red Wings batting - Pitching for Brockton Rox : RHP Jose Abanto
|
|
Batting: LHB Iestyn Peacock
|
0-0: Called Strike 0-1: Swinging Strike 0-2: Strikes out looking
|
|
Batting: SHB Salvador Lacosta
|
0-0: Swinging Strike 0-1: Foul Ball, location: 2F 0-2: Ground out 5-3 (Groundball, 56, EV 84.4 MPH)
|
|
Batting: SHB Eisse Wijnja
|
0-0: Ground out 1-3 (Groundball, P, EV 66.2 MPH)
|
| Bottom of the 2nd over - 0 runs, 0 hits, 0 errors, 0 left on base; Brockton 0 - Detroit 0 |
| TOP OF THE 3RD |
|
Brockton Rox batting - Pitching for Detroit Red Wings : LHP Satoru Mori
|
|
Batting: RHB Estevan Carrillo
|
0-0: Fly out, F8 (Line Drive, 8LM, EV 101.9 MPH)
|
|
Batting: LHB Robert Gonzalez
|
0-0: Ball 1-0: Ball 2-0: Fly out, F8 (Line Drive, 8LM, EV 109.4 MPH)
|
|
Batting: RHB Willie Camacho
|
0-0: Called Strike 0-1: Swinging Strike 0-2: Fly out, F9 (Flyball, 89S, EV 91.2 MPH)
|
| Top of the 3rd over - 0 runs, 0 hits, 0 errors, 0 left on base; Brockton 0 - Detroit 0 |
| BOTTOM OF THE 3RD |
|
Detroit Red Wings batting - Pitching for Brockton Rox : RHP Jose Abanto
|
|
Batting: RHB Janne Vihko
|
0-0: Ball 1-0: Ball 2-0: Called Strike 2-1: SINGLE (Line Drive, 89S, EV 106.2 MPH)
|
|
Batting: RHB Seth Fox
|
0-0: Called Strike 0-1: Reached on error, E1 (Groundball, 23, EV 71.9 MPH) Janne Vihko to second
|
|
Batting: RHB Jorge Lebron
|
0-0: Ball Wild Pitch! Janne Vihko to third Seth Fox to second 1-0: Called Strike 1-1: Ground out 5-3 (Groundball, 56S, EV 88.1 MPH) Janne Vihko scores
|
|
Batting: LHB Jamie Christian
|
0-0: Swinging Strike 0-1: Called Strike 0-2: Ground out 4-3 (Groundball, 4, EV 83.8 MPH) Seth Fox to third
|
|
Batting: RHB Yankel Pensak
|
0-0: Called Strike 0-1: Foul Ball, location: 2F 0-2: Ball 1-2: Strikes out swinging
|
| Bottom of the 3rd over - 1 run, 1 hit, 1 error, 1 left on base; Brockton 0 - Detroit 1 |
| TOP OF THE 4TH |
|
Brockton Rox batting - Pitching for Detroit Red Wings : LHP Satoru Mori
|
|
Batting: RHB Bakhtiar Asadov
|
0-0: Ground out 5-3 (Groundball, 56, EV 98.1 MPH)
|
|
Batting: RHB Roger Mitchell
|
0-0: Ball 1-0: Foul Ball, location: 2F 1-1: Fly out, F8 (Flyball, 8RXD, EV 103.8 MPH)
|
|
Batting: SHB Arihito Hiramoto
|
0-0: SINGLE (Line Drive, 6D, EV 100.0 MPH)
|
|
Batting: RHB Panam Palmer
|
0-0: Ball 1-0: Called Strike 1-1: Fly out, F8 (Line Drive, 8LD, EV 89.4 MPH)
|
| Top of the 4th over - 0 runs, 1 hit, 0 errors, 1 left on base; Brockton 0 - Detroit 1 |
| BOTTOM OF THE 4TH |
|
Detroit Red Wings batting - Pitching for Brockton Rox : RHP Jose Abanto
|
|
Batting: SHB Franklin Garza
|
0-0: Ball 1-0: Swinging Strike 1-1: Called Strike 1-2: Ball 2-2: Strikes out swinging
|
|
Batting: LHB Iestyn Peacock
|
0-0: Foul Ball, location: 2F 0-1: Swinging Strike 0-2: Foul Ball, location: 2F 0-2: Ball 1-2: Ball 2-2: Foul Ball, location: 2F 2-2: Ball 3-2: Foul Ball, location: 2F 3-2: Base on Balls
|
|
Batting: SHB Salvador Lacosta
|
0-0: Called Strike 0-1: Foul Ball, location: 2F 0-2: Grounds out, U3 (Groundball, 3L, EV 105.0 MPH)
|
|
Batting: SHB Eisse Wijnja
|
0-0: Ball 1-0: Ground out 1-3 (Groundball, 34S, EV 70.0 MPH)
|
| Bottom of the 4th over - 0 runs, 0 hits, 0 errors, 1 left on base; Brockton 0 - Detroit 1 |
| TOP OF THE 5TH |
|
Brockton Rox batting - Pitching for Detroit Red Wings : LHP Satoru Mori
|
|
Batting: RHB Mo Tsang
|
0-0: Ground out 5-3 (Groundball, 56, EV 80.6 MPH)
|
|
Batting: LHB Kenny Jackson
|
0-0: Ball 1-0: Ball 2-0: Reached on error, E5 (Groundball, 5, EV 103.1 MPH)
|
|
Batting: RHB Estevan Carrillo
|
0-0: Called Strike 0-1: Swinging Strike 0-2: Ball 1-2: Strikes out looking
|
|
Batting: LHB Robert Gonzalez
|
0-0: Ball 1-0: Called Strike 1-1: Foul Ball, location: 2F 1-2: Ground out U3 (Groundball, 3L, EV 91.9 MPH)
|
| Top of the 5th over - 0 runs, 0 hits, 1 error, 1 left on base; Brockton 0 - Detroit 1 |
| BOTTOM OF THE 5TH |
|
Detroit Red Wings batting - Pitching for Brockton Rox : RHP Jose Abanto
|
|
Batting: RHB Janne Vihko
|
0-0: Foul Ball, location: 2F 0-1: Swinging Strike 0-2: Foul Ball, location: 2F 0-2: Strikes out swinging
|
|
Batting: RHB Seth Fox
|
0-0: Ball 1-0: Foul Ball, location: 2F 1-1: Called Strike 1-2: Ball 2-2: Strikes out swinging
|
|
Batting: RHB Jorge Lebron
|
0-0: Foul Ball, location: 2F 0-1: Ball 1-1: Ground out 5-3 (Groundball, 56, EV 81.9 MPH)
|
| Bottom of the 5th over - 0 runs, 0 hits, 0 errors, 0 left on base; Brockton 0 - Detroit 1 |
| TOP OF THE 6TH |
|
Brockton Rox batting - Pitching for Detroit Red Wings : LHP Satoru Mori
|
|
Batting: RHB Willie Camacho
|
0-0: Called Strike 0-1: Swinging Strike 0-2: Ball 1-2: Strikes out swinging
|
|
Batting: RHB Bakhtiar Asadov
|
0-0: Called Strike 0-1: Ball 1-1: Called Strike 1-2: Strikes out swinging
|
|
Batting: RHB Roger Mitchell
|
0-0: Ball 1-0: Called Strike 1-1: Ball 2-1: Ball 3-1: Base on Balls
|
|
Batting: SHB Arihito Hiramoto
|
0-0: Ball Roger Mitchell is caught stealing 2nd base 2-4
|
| Top of the 6th over - 0 runs, 0 hits, 0 errors, 0 left on base; Brockton 0 - Detroit 1 |
| BOTTOM OF THE 6TH |
|
Detroit Red Wings batting - Pitching for Brockton Rox : RHP Jose Abanto
|
|
Batting: LHB Jamie Christian
|
0-0: Ball 1-0: Foul Ball, location: 2F 1-1: Foul Ball, location: 2F 1-2: Foul Ball, location: 2F 1-2: Ball 2-2: Ball 3-2: SOLO HOME RUN (Flyball, 89XD, EV 111.2 MPH), Distance : 424 ft
|
|
Batting: RHB Yankel Pensak
|
0-0: Ball 1-0: Called Strike 1-1: Foul Ball, location: 2F 1-2: Foul Ball, location: 2F 1-2: Ball 2-2: Foul Ball, location: 2F 2-2: Fly out, F8 (Line Drive, 8RM, EV 90.6 MPH)
|
|
Batting: SHB Franklin Garza
|
0-0: Called Strike 0-1: Foul Ball, location: 2F 0-2: Ball 1-2: Foul Ball, location: 2F 1-2: Strikes out swinging
|
|
Batting: LHB Iestyn Peacock
|
0-0: Called Strike 0-1: Called Strike 0-2: Ball 1-2: Ball 2-2: Strikes out swinging
|
| Bottom of the 6th over - 1 run, 1 hit, 0 errors, 0 left on base; Brockton 0 - Detroit 2 |
| TOP OF THE 7TH |
|
Brockton Rox batting - Pitching for Detroit Red Wings : LHP Satoru Mori
|
|
Batting: SHB Arihito Hiramoto
|
0-0: Swinging Strike 0-1: Swinging Strike 0-2: Ball 1-2: Fly out, F8 (Flyball, 8RXD, EV 105.6 MPH)
|
|
Batting: RHB Panam Palmer
|
0-0: Ball 1-0: Ball 2-0: Swinging Strike 2-1: Called Strike 2-2: Strikes out swinging
|
|
Batting: RHB Mo Tsang
|
0-0: Called Strike 0-1: Ball 1-1: Swinging Strike 1-2: Foul Ball, location: 2F 1-2: Ball 2-2: Ball 3-2: Base on Balls
|
|
Pitching: RHP Mike Santana
|
|
|
Pinch Hitting: RHB Kirk Cully
|
0-0: Foul Ball, location: 2F 0-1: Ball 1-1: Ball 2-1: Ball 3-1: Base on Balls Mo Tsang to second
|
|
Pinch Hitting: SHB Danny Marquez
|
0-0: Called Strike 0-1: Fly out, F8 (Flyball, 8LD, EV 91.2 MPH)
|
| Top of the 7th over - 0 runs, 0 hits, 0 errors, 2 left on base; Brockton 0 - Detroit 2 |
| BOTTOM OF THE 7TH |
|
Detroit Red Wings batting - Pitching for Brockton Rox : RHP Jose Abanto
|
|
Pitching: RHP Tony Ramos
|
|
|
Now at 1B: Eric McClelland
|
|
|
Now at 2B: Danny Marquez
|
|
|
Now at SS: Willie Camacho
|
|
|
Batting: SHB Salvador Lacosta
|
0-0: Ball 1-0: Foul Ball, location: 2F 1-1: Called Strike 1-2: Strikes out swinging
|
|
Batting: SHB Eisse Wijnja
|
0-0: Swinging Strike 0-1: Swinging Strike 0-2: Foul Ball, location: 2F 0-2: Strikes out swinging
|
|
Batting: RHB Janne Vihko
|
0-0: Called Strike 0-1: Swinging Strike 0-2: Fly out, F9 (Flyball, 89D, EV 81.2 MPH)
|
| Bottom of the 7th over - 0 runs, 0 hits, 0 errors, 0 left on base; Brockton 0 - Detroit 2 |
| TOP OF THE 8TH |
|
Brockton Rox batting - Pitching for Detroit Red Wings : RHP Mike Santana
|
|
Batting: LHB Robert Gonzalez
|
0-0: Ball 1-0: Ball 2-0: Ground out U3 (Groundball, 34, EV 105.0 MPH)
|
|
Batting: RHB Willie Camacho
|
0-0: Ball 1-0: Foul Ball, location: 2F 1-1: Foul Ball, location: 2F 1-2: Ball 2-2: Strikes out swinging
|
|
Batting: RHB Bakhtiar Asadov
|
0-0: Ball 1-0: Ball 2-0: Called Strike 2-1: Swinging Strike 2-2: Strikes out swinging
|
| Top of the 8th over - 0 runs, 0 hits, 0 errors, 0 left on base; Brockton 0 - Detroit 2 |
| BOTTOM OF THE 8TH |
|
Detroit Red Wings batting - Pitching for Brockton Rox : RHP Tony Ramos
|
|
Batting: RHB Seth Fox
|
0-0: Ball 1-0: Called Strike 1-1: Ball 2-1: Called Strike 2-2: Foul Ball, location: 2F 2-2: Strikes out swinging
|
|
Batting: RHB Jorge Lebron
|
0-0: Ball 1-0: Ball 2-0: Swinging Strike 2-1: Foul Ball, location: 2F 2-2: Strikes out swinging
|
|
Batting: LHB Jamie Christian
|
0-0: Called Strike 0-1: Called Strike 0-2: Foul Ball, location: 2F 0-2: Ball 1-2: Ball 2-2: Fly out, F6 (Popup, 6, EV 76.2 MPH)
|
| Bottom of the 8th over - 0 runs, 0 hits, 0 errors, 0 left on base; Brockton 0 - Detroit 2 |
| TOP OF THE 9TH |
|
Brockton Rox batting - Pitching for Detroit Red Wings : RHP Mike Santana
|
|
Pitching: RHP Denzel McPherson
|
|
|
Now at 1B: Eisse Wijnja
|
|
|
Now at 3B: Dustin Bursell
|
|
|
Pinch Hitting: SHB Robert Soto
|
0-0: Ball 1-0: Foul Ball, location: 2F 1-1: Ball 2-1: Ground out 4-3 (Groundball, 4, EV 90.6 MPH)
|
|
Batting: SHB Arihito Hiramoto
|
0-0: Ball 1-0: Ground out 4-3 (Groundball, 4M, EV 78.1 MPH)
|
|
Pinch Hitting: RHB Felix Rangel
|
0-0: Ball 1-0: Foul Ball, location: 2F 1-1: Ball 2-1: Foul Ball, location: 2F 2-2: Ball 3-2: Foul Ball, location: 2F 3-2: Foul Ball, location: 2F 3-2: Strikes out swinging
|
| Top of the 9th over - 0 runs, 0 hits, 0 errors, 0 left on base; Brockton 0 - Detroit 2 |
|